 Dungeon Crawl Stone Soup version 0.29.1-12-g30fa7ad0bf (webtiles) character file.

Game seed: 14007811853404282649

27624 sanboga the Severer (level 13, -5/184 HPs)
             Began as a Minotaur Berserker on Jan 10, 2023.
             Was a High Priest of Trog.
             Slain by an 11-headed hydra (9 damage)
             ... on level 11 of the Dungeon.
             The game lasted 00:21:05 (15400 turns).

sanboga the Severer (Minotaur Berserker)           Turns: 15400, Time: 00:21:06

Health: -5/184     AC: 20    Str: 34    XL:     13   Next: 5%
Magic:  12/12      EV:  9    Int:  4    God:    Trog [*****.]
Gold:   1100       SH:  0    Dex:  9    Spells: 12/12 levels left

rFire   . . .      SeeInvis .   l - +5 battleaxe (flame)
rCold   . . .      Faith    .   (shield currently unavailable)
rNeg    + . .      Spirit   .   t - +0 plate armour
rPois   .          Reflect  .   a - +1 hat "Qomiap" {rElec rCorr}
rElec   +          Harm     .   v - +0 cloak
rCorr   +          Rampage  .   n - +0 pair of gloves
Will    .....                   (no boots)
Stlth   ..........              (no amulet)
HPRegen 0.40/turn               i - ring of positive energy
MPRegen 0.13/turn               p - +6 ring of strength

@: berserking, studying Ranged Weapons, very quick
A: horns 2, retaliatory headbutt
a: Renounce Religion, Berserk, Trog's Hand, Brothers in Arms


You were on level 11 of the Dungeon.
You worshipped Trog.
Trog was extremely pleased with you.
You visited 1 branch of the dungeon, and saw 11 of its levels.
You also visited: Bailey.

You collected 1100 gold pieces.

Inventory:

Hand Weapons
 l - a +5 battleaxe of flaming (weapon)
 o - a +4 battleaxe
Armour
 a - the +1 hat "Qomiap" (worn) {rElec rCorr}
   (You acquired it on level 10 of the Dungeon)

   rElec:     It insulates you from electricity.
   rCorr:     It protects you from acid and corrosion.
 n - a +0 pair of gloves (worn)
 t - a +0 plate armour (worn)
 v - a +0 cloak (worn)
Jewellery
 i - a ring of positive energy (left hand)
 p - a +6 ring of strength (right hand)
Wands
 d - a wand of flame (11)
Scrolls
 f - 2 scrolls of silence
 g - 6 scrolls of teleportation
 h - 2 scrolls of blinking
 j - 4 scrolls of fog
 q - a scroll of magic mapping
 s - a scroll of fear {unknown}
Potions
 b - a potion of resistance
 c - 3 potions of cancellation
 e - 2 potions of curing
 k - a potion of heal wounds
 m - 4 potions of haste
 r - 2 potions of ambrosia
 u - a potion of magic {unknown}
Miscellaneous
 w - a phantom mirror


   Skills:
 + Level 13.7 Fighting
 * Level 18.7 Axes
 + Level 13.5 Armour
 - Level 2.1 Dodging


You had 12 spell levels left.
You didn't know any spells.
Your spell library was empty.

Dungeon Overview and Level Annotations

Branches:
Dungeon (11/15)            Temple (0/1) D:7            Lair (0/5) D:8
    Orc (0/2) D:11         Bailey (visited)

Altars:
Ashenzari
Fedhas
Gozag
Makhleb
Nemelex Xobeh
Okawaru
Uskayaw
Wu Jian
The Shining One

Portals:
Abyss: D:6

Annotations:
D:6 2 transporters, croobank's ghost, novice MiFi
D:11 mandoloar's ghost, journeyman MiFi


Innate Abilities, Weirdness & Mutations

You have a pair of horns on your head.
You reflexively headbutt those who attack you in melee.


Message History

The 12-headed hydra bites you. x3; Mandoloar's ghost hits you.
Mandoloar's ghost freezes you.
You lop one of the 12-headed hydra's heads off!
The flame cauterises the wound!
You carve the 11-headed hydra like a ham!!!
You burn the 11-headed hydra. You headbutt the 11-headed hydra!
The 11-headed hydra is almost dead.
You barely miss mandoloar's ghost.
You slice one of the nine-headed hydra's heads off!
The flame cauterises the wound!
You slice the eight-headed hydra!! You burn the eight-headed hydra.
You are too injured to fight recklessly!
You are too injured to fight recklessly!
You barely miss the 11-headed hydra. You headbutt the 11-headed hydra.
The 11-headed hydra is almost dead.
You barely miss the eight-headed hydra.
You hit mandoloar's ghost but do no damage.
The eight-headed hydra barely misses you.
The eight-headed hydra bites you!
* * * LOW HITPOINT WARNING * * *
The eight-headed hydra bites you.
* * * LOW HITPOINT WARNING * * *
The eight-headed hydra bites you!
* * * LOW HITPOINT WARNING * * *
The eight-headed hydra bites you!
* * * LOW HITPOINT WARNING * * *
The eight-headed hydra bites you.
* * * LOW HITPOINT WARNING * * *
The eight-headed hydra bites you but does no damage. x2
The 11-headed hydra bites you!
* * * LOW HITPOINT WARNING * * *
The 11-headed hydra closely misses you.
The 11-headed hydra bites you but does no damage. x2
The 11-headed hydra barely misses you. The 11-headed hydra bites you.
* * * LOW HITPOINT WARNING * * *
The 11-headed hydra bites you but does no damage.
The 11-headed hydra bites you!
* * * LOW HITPOINT WARNING * * *
The 11-headed hydra bites you!
You die...

#.# #.##.............
##.###..#.............
)..[..................
).................$...
........#....<.......
..>.....#[..........
........#.......## .
..).....#........###....
........#..##...@....# .#
#...#...#..####DDW##.# #.#
#...#...#..###.....### #.#
#...#...#..##.....}♣ #.#
#...#...#..##P..)..P####.#
#...#...#..##P?....P#....# .#
#>..#...#..###~...P##....# .#
#...#...#.>..##P~♣##.....####.#
#...#.........#####..##.......#


You could see a 11-headed hydra, an eight-headed hydra and mandoloar's ghost.

Vanquished Creatures
  Snorg (D:11)
  A yaktaur captain (D:10)
  A boulder beetle (D:10)
  2 hydras (D:10)
  A centaur warrior (D:10)
  Erica (D:8)
  4 two-headed ogres (D:10)
  A deep elf pyromancer (D:10)
  2 orc knights
  2 statues (D:11)
  An orc sorcerer (Bailey)
  A manticore (D:11)
  A cyclops (D:9)
  An ice statue (D:9)
  Maurice (D:8)
  3 unseen horrors
  A gargoyle (D:11)
  A kobold demonologist (Bailey)
  2 komodo dragons
  A freezing wraith (D:10)
  7 ice devils (D:9)
  5 trolls
  A hornet (D:10)
  A troll (shapeshifter) (D:10)
  A slime creature (D:10)
  Prince Ribbit (D:8)
  A centaur simulacrum (D:10)
  A wyvern (D:10)
  Sigmund (D:5)
  2 shadows
  3 wraiths
  18 yaks
  2 steam dragons
  7 vampire mosquitoes
  3 acid dragons
  3 black bears
  A sky beast (D:8)
  22 orc warriors
  5 centaurs
  A phantom (D:5)
  2 kobold brigands (D:9)
  2 gnoll sergeants
  3 bullfrogs
  2 scorpions (D:8)
  12 wights
  19 killer bees
  7 electric eels (Bailey)
  9 howler monkeys
  2 jellies
  3 orc priests
  5 hounds
  3 iguanas
  Natasha (twice) (D:3)
  11 orc wizards
  6 gnolls
  9 adders
  A shadow imp (D:7)
  A white imp (D:6)
  A howler monkey simulacrum (D:10)
  6 ufetubi
  A worm (D:2)
  32 orcs
  8 bats
  10 endoplasms
  3 giant cockroaches
  11 goblins
  14 hobgoblins
  12 kobolds
  3 quokkas
  14 ball pythons
  2 frilled lizards
  4 rats
  4 bushes (D:11)
339 creatures vanquished.

Vanquished Creatures (others)
  Natasha (D:3)
  2 ufetubi (D:9)
  11 fungi (D:8)
  19 plants
33 creatures vanquished.

Grand Total: 372 creatures vanquished

Notes
Turn   | Place    | Note
-------+----------+-------------------------------------------
     0 | D:1      | sanboga the Minotaur Berserker began the quest for the Orb.
     0 | D:1      | Reached XP level 1. HP: 19/19 MP: 0/0
    17 | D:1      | Found a faded altar of an unknown god.
   389 | D:1      | Reached skill level 4 in Axes
   389 | D:1      | Reached XP level 2. HP: 27/27 MP: 1/1
   760 | D:1      | Reached ** piety under Trog
   762 | D:1      | Reached XP level 3. HP: 32/33 MP: 2/2
  1268 | D:2      | You fall into a shaft and drop 1 floor!
  1375 | D:3      | Noticed Natasha
  1390 | D:3      | Killed Natasha
  1391 | D:3      | Reached skill level 5 in Axes
  1391 | D:3      | Reached XP level 4. HP: 11/41 MP: 3/3
  1744 | D:3      | Noticed Natasha
  1751 | D:3      | Killed Natasha
  1971 | D:3      | Reached XP level 5. HP: 31/47 MP: 4/4
  2842 | D:3      | Reached skill level 6 in Axes
  3188 | D:3      | Noticed Natasha
  3198 | D:3      | Killed Natasha
  3199 | D:3      | Reached skill level 5 in Fighting
  3201 | D:3      | Reached *** piety under Trog
  3641 | D:4      | Found an iron altar of Okawaru.
  4154 | D:4      | Noticed a black bear
  4160 | D:4      | Killed a black bear
  4161 | D:4      | Reached XP level 6. HP: 40/56 MP: 5/5
  4602 | D:5      | Entered Level 5 of the Dungeon
  4810 | D:5      | Reached skill level 7 in Axes
  4814 | D:5      | Reached skill level 5 in Armour
  4814 | D:5      | Reached XP level 7. HP: 61/62 MP: 6/6
  4861 | D:5      | Noticed Sigmund
  4878 | D:5      | Killed Sigmund
  5431 | D:6      | Reached skill level 8 in Axes
  5649 | D:6      | Found a transporter.
  5672 | D:6      | Noticed a small abomination
  5673 | D:6      | Noticed an ancient zyme
  5675 | D:6      | Noticed croobank's ghost (novice MiFi)
  5703 | D:6      | Found a transporter.
  5703 | D:6      | Found a one-way gate to the infinite horrors of the Abyss.
  5703 | D:6      | Noticed a worldbinder
  5880 | D:6      | Reached XP level 8. HP: 68/71 MP: 7/7
  6165 | D:7      | Reached skill level 9 in Axes
  6360 | D:7      | Found a staircase to the Ecumenical Temple.
  6473 | D:7      | Found a glowing golden altar of the Shining One.
  6479 | D:7      | Found a broken altar of Ashenzari.
  6482 | D:7      | Found a burning altar of Makhleb.
  6876 | D:7      | Reached skill level 10 in Axes
  7067 | D:7      | Found a sparkling altar of Nemelex Xobeh.
  7070 | D:7      | Found an ornate altar of the Wu Jian Council.
  7316 | D:8      | Noticed a komodo dragon
  7325 | D:8      | Killed a komodo dragon
  7326 | D:8      | Reached XP level 9. HP: 81/81 MP: 8/8
  7375 | D:8      | Found a staircase to the Lair.
  7378 | D:8      | Reached skill level 11 in Axes
  7521 | D:8      | Noticed Prince Ribbit
  7526 | D:8      | Killed Prince Ribbit
  7536 | D:8      | Noticed Maurice
  7554 | D:8      | Reached skill level 12 in Axes
  7571 | D:8      | Killed Maurice
  7572 | D:8      | Reached XP level 10. HP: 34/91 MP: 9/9
  7614 | D:8      | Noticed Erica
  7628 | D:8      | Killed Erica
  7629 | D:8      | Reached skill level 13 in Axes
  7933 | D:8      | Reached skill level 10 in Fighting
  8047 | D:8      | Found a hide-covered altar of Uskayaw.
  8133 | D:8      | Found a blossoming altar of Fedhas.
  8143 | D:8      | Found an opulent altar of Gozag.
  8466 | D:9      | Noticed an ice statue
  8474 | D:9      | Reached **** piety under Trog
  8480 | D:9      | Reached skill level 10 in Armour
  8621 | D:9      | Reached skill level 14 in Axes
  8792 | D:9      | Reached XP level 11. HP: 30/101 MP: 10/10
  9729 | D:9      | Reached skill level 15 in Axes
 10260 | D:10     | Entered Level 10 of the Dungeon
 10290 | D:10     | Found a flagged portal.
 10306 | D:10     | Noticed a two-headed ogre
 10310 | Bailey   | Entered a bailey
 10759 | Bailey   | Reached ***** piety under Trog
 11212 | Bailey   | Noticed an orc knight
 11221 | Bailey   | Killed an orc knight
 11462 | Bailey   | Found an iron altar of Okawaru.
 11462 | Bailey   | Noticed an orc sorcerer
 11469 | Bailey   | Killed an orc sorcerer
 11558 | D:10     | Killed a two-headed ogre
 11559 | D:10     | Reached skill level 16 in Axes
 11885 | D:10     | Acquired the +1 hat "Qomiap" {rElec rCorr}
 11902 | D:10     | Noticed a two-headed ogre
 11905 | D:10     | Killed a two-headed ogre
 11954 | D:10     | Noticed a seven-headed hydra
 11958 | D:10     | Reached XP level 12. HP: 73/112 MP: 11/11
 11960 | D:10     | Killed a five-headed hydra
 11997 | D:10     | Reached skill level 17 in Axes
 12076 | D:10     | HP: 4/113 [something (9)]
 12361 | D:10     | Noticed a two-headed ogre
 12367 | D:10     | Killed a two-headed ogre
 12367 | D:10     | Received a gift from Trog
 12620 | D:10     | Noticed a four-headed hydra
 12628 | D:10     | Killed a one-headed hydra
 12990 | D:10     | Noticed a boulder beetle
 13002 | D:10     | Killed a boulder beetle
 13366 | D:10     | Noticed a yaktaur captain
 13367 | D:10     | Noticed a two-headed ogre
 13378 | D:10     | Killed a two-headed ogre
 13381 | D:10     | Killed a yaktaur captain
 13382 | D:10     | Reached skill level 18 in Axes
 13835 | D:10     | Noticed a centaur warrior
 13844 | D:10     | Killed a centaur warrior
 14313 | D:11     | Found a staircase to the Orcish Mines.
 14697 | D:11     | Noticed Snorg
 14705 | D:11     | Killed Snorg
 14706 | D:11     | Reached XP level 13. HP: 110/123 MP: 12/12
 15386 | D:11     | Found a runed translucent gate.
 15387 | D:11     | Found a runed translucent gate.
 15388 | D:11     | Identified the +0 scale mail of Kindness {Drain rC+ Dex+8
                  | SInv}
 15389 | D:11     | Found a runed translucent gate.
 15389 | D:11     | Noticed mandoloar's ghost (journeyman MiFi)
 15400 | D:11     | HP: 4/184 [11-headed hydra (7)]
 15400 | D:11     | Slain by an 11-headed hydra

Illustrated notes

Levels and vault maps discovered:
D:1:      amcnicky_arrival_feature_with_door, layout_rooms,
          hellmonk_ecumenical_altar_arch_garden, minmay_tripent
D:2:      layout_loops_ring, st_stairs_8
D:3:      layout_loops_ring, minmay_misc_feat_rows,
          minmay_misc_feat_four_crosses, uniq_natasha
D:4:      layout_cave_pods, mainiacjoe_overflow_six_doors_small
D:5:      layout_gridville, wad_floor_pattern_2, uniq_sigmund
D:6:      layout_rooms, gammafunk_ghost_abyssal_escape
D:7:      layout_rooms, nicolae_overflow_hidden_temple,
          minmay_temple_entry_enclosed_plants, solitary_fountain
D:8:      layout_basic, amethyst_overflow_temple_binary,
          mainiacjoe_overflow_surrounded_room, grunt_lair_entry_orc_guard_hut,
          uniq_maurice, uniq_erica, uniq_prince_ribbit1
D:9:      cheibrodos_frozen_isle, layout_rooms, grunt_potential
D:10:     nzn_winding_woodlands_large [nzn_winding_woodlands_5x5_open_star,
          nzn_winding_woodlands_5x15_concentric,
          nzn_winding_woodlands_5x5_closed_star,
          nzn_winding_woodlands_center_pierced_h,
          nzn_winding_woodlands_15x15_thick_spiral,
          nzn_winding_woodlands_center_garden,
          nzn_winding_woodlands_5x5_checkerboard,
          nzn_winding_woodlands_5x15_split_checker,
          nzn_winding_woodlands_hourglass], layout_basic, enter_bailey_2
D:11:     layout_long_grid, orc_david_3, gammafunk_ghost_hydra_chop,
          minmay_dual_archer_statues, uniq_snorg

Skill      XL: |  1  2  3  4  5  6  7  8  9 10 11 12 |
---------------+-------------------------------------+-----
Axes           | 4 5 6 7 8 10 12 14 16 18 | 18.7
Fighting       | 4 5 6 8 9 10 12 13 | 13.7
Armour         | 3 4 5 6 7 9 10 12 13 | 13.5
Dodging        | |  2.1

Action                   |  1- 3 |  4- 6 |  7- 9 | 10-12 | 13-15 || total
-------------------------+-------+-------+-------+-------+-------++-------
Melee: Hand axe          |    77 |   116 |    34 |       |       ||   227
       Headbutt          |     8 |    12 |    24 |    76 |    12 ||   132
       Punch             |       |     2 |     2 |     1 |       ||     5
       War axe           |       |       |    98 |    91 |       ||   189
       Battleaxe         |       |       |       |   320 |    25 ||   345
Invok: Berserk           |     1 |     1 |     4 |    11 |     2 ||    19
  Use: Scroll            |     4 |     5 |     1 |    10 |     1 ||    21
       Potion            |       |       |       |    10 |       ||    10
 Stab: Sleeping          |       |     1 |       |       |       ||     1
Armor: Animal skin       |     8 |    19 |     2 |       |       ||    29
       Plate armour      |       |       |    59 |   290 |    24 ||   373
Dodge: Dodged            |    44 |    66 |    74 |   172 |    21 ||   377
